 Dungeon Crawl Stone Soup version 0.28.0-45-g0d030f2227 (webtiles) character file.

Game seed: 11401320480307426907

70 Bruhh the Stinger (level 4, -1/39 HPs)
             Began as an Ogre Venom Mage on Apr 20, 2022.
             Slain by a rat (3 damage)
             ... on level 2 of the Dungeon.
             The game lasted 00:05:31 (2088 turns).

Bruhh the Stinger (Ogre Venom Mage)                 Turns: 2088, Time: 00:05:31

Health: -1/39      AC:  3    Str: 12    XL:     4   Next: 21%
Magic:  9/9        EV:  9    Int: 18    God:
Gold:   41         SH:  0    Dex:  9    Spells: 9/10 levels left

rFire   . . .      SeeInvis .   c - +0 short sword (venom)
rCold   . . .      Faith    .   (no shield)
rNeg    . . .      Spirit   .   a - +0 robe
rPois   .          Reflect  .   (helmet restricted)
rElec   .          Harm     .   (no cloak)
rCorr   .          Rampage  .   (gloves unavailable)
Will    .....                   (boots unavailable)
Stlth   +.........              (no amulet)
HPRegen 0.13/turn               j - ring of flight
MPRegen 0.11/turn               (no ring)

@: flying
A: large, unfitting armour, tough skin 1
a: no special abilities


You were on level 2 of the Dungeon.
You visited 1 branch of the dungeon, and saw 2 of its levels.

You collected 41 gold pieces.

Inventory:

Hand Weapons
 c - a +0 short sword of venom (weapon)
Armour
 a - a +0 robe (worn)
Jewellery
 j - a ring of flight (left hand)
Scrolls
 f - a scroll of enchant armour {unknown}
 g - a scroll of magic mapping {unknown}
 h - a scroll of identify {unknown}
Potions
 b - a potion of berserk rage {unknown}
 d - a potion of might {unknown}
 e - 3 potions of flight {unknown}
 i - a potion of ambrosia {unknown}
 k - a potion of brilliance {unknown}


   Skills:
 - Level 1.7 Dodging
 - Level 1.4 Stealth
 + Level 3.5 Spellcasting
 - Level 0.8 Transmutations
 - Level 3.9 Poison Magic


You had 9 spell levels left.
You knew the following spells:

 Your Spells              Type           Power      Damage    Failure   Level
a - Sting                 Tmut/Pois      44%        1d5       6%          1

Your spell library contained the following spells:

 Spells                   Type           Power      Damage    Failure   Level
 Poisonous Vapours        Pois/Air       20%        N/A       11%         2
 Animate Skeleton         Necr           6%         N/A       16%         1
 Apportation              Tloc           6%         N/A       16%         1
 Summon Small Mammal      Summ           12%        N/A       16%         1
 Wereblood                Tmut           6%         N/A       17%         2
 Sublimation of Blood     Necr           3%         N/A       24%         2
 Mephitic Cloud           Conj/Pois/Air  7%         N/A       26%         3
 Olgreb's Toxic Radiance  Pois           17%        N/A       30%         4
 Summon Hydra             Summ           1%         N/A       100%        7


Dungeon Overview and Level Annotations

Branches:
Dungeon (2/15)

Altars:


Innate Abilities, Weirdness & Mutations

You are too large for most types of armour.
You have tough skin. (AC +1)


Message History

* * * LOW HITPOINT WARNING * * *
The rat closely misses you.
You hit the rat.
You kill the rat!
The rat bites you.
* * * LOW HITPOINT WARNING * * *
You closely miss the rat. You punch the rat.
You kill the rat!
The rat closely misses you.
A rat comes into view.
The rat barely misses you.
Things that are here:
a rat corpse; a rat corpse You closely miss the rat.
The rat bites you but does no damage. x2
You barely miss the rat. The rat barely misses you. The rat bites you.
* * * LOW HITPOINT WARNING * * *
The rat misses you.
You hit the rat.
The rat is heavily wounded.
The rat bites you but does no damage. The rat barely misses you. x2
You barely miss the rat.
The rat is heavily wounded.
The rat barely misses you. x2
You hit the rat.
You kill the rat!
The rat barely misses you.
Found 21 stones.
The rat bites you but does no damage.
You closely miss the rat. The rat bites you.
* * * LOW HITPOINT WARNING * * *
You closely miss the rat. The rat closely misses you.
You barely miss the rat. The rat misses you.
You closely miss the rat. The rat bites you but does no damage.
You closely miss the rat. The rat bites you.
* * * LOW HITPOINT WARNING * * *
You barely miss the rat. The rat bites you.
* * * LOW HITPOINT WARNING * * *
You completely miss the rat. The rat bites you but does no damage.
You barely miss the rat.
The rat bites you but does no damage. x2
You closely miss the rat. The rat bites you.
You die...

#.# ##'## #†#
##$..## ##.#
##.....## ##..#
##.......##
#...####..†......#
.......+..!......+
#...####......##.#
##.##
##....##††### ####
##...#..@r.# #
##..#.?...# #
...##....# # .##
#...## # (#### #
### (# # ##†# . #
##.### # ###.#..#
.#


You could see a rat.

Vanquished Creatures
  An adder (D:2)
  2 dart slugs
  2 bats (D:1)
  3 endoplasms
  A giant cockroach (D:1)
  3 goblins (D:1)
  3 hobgoblins
  8 jackals
  3 quokkas
  3 ball pythons
  A frilled lizard (D:1)
  3 kobolds
  23 rats
56 creatures vanquished.

Notes
Turn   | Place    | Note
-------+----------+-------------------------------------------
     0 | D:1      | Bruhh the Ogre Venom Mage began the quest for the Orb.
     0 | D:1      | Reached XP level 1. HP: 16/16 MP: 3/3
   480 | D:1      | Reached XP level 2. HP: 22/24 MP: 3/5
  1167 | D:1      | Reached XP level 3. HP: 31/31 MP: 3/6
  2037 | D:2      | Reached XP level 4. HP: 39/39 MP: 5/8
  2088 | D:2      | Slain by a rat

Illustrated notes

Levels and vault maps discovered:
D:1:      scummos_arrival_gate, layout_rooms, serial_rivers,
          chequers_serial_rivers_micro_b, chequers_serial_rivers_small_3,
          chequers_serial_rivers_micro_d, chequers_serial_rivers_marsh,
          kennysheep_another_room, columned_hall_lemuel
D:2:      wad_crossroads, layout_loops_corners, basic_altar, minmay_rat_hole

Skill      XL: |  1  2  3 |
---------------+----------+-----
Poison Magic   | 3 |  3.9
Spellcasting   | 3 |  3.5
Dodging        | |  1.7
Stealth        | |  1.4
Transmutations | |  0.8

Action                   |  1- 3 |  4- 6 || total
-------------------------+-------+-------++-------
Melee: Short sword       |    71 |    50 ||   121
       Unarmed           |     3 |       ||     3
       Punch             |     2 |     1 ||     3
 Cast: Sting             |    30 |       ||    30
 Stab: Sleeping          |     3 |       ||     3
Armor: Robe              |    33 |    29 ||    62
Dodge: Dodged            |    33 |    35 ||    68
